 Dungeon Crawl Stone Soup version 0.27-a0-1202-ge72e49191c (webtiles) character file.

Game seed: 6534683836974867821

362 reriks the Shield-Bearer (level 6, -1/49 HPs)
             Began as a Formicid Fighter on June 4, 2021.
             Was a Believer of Kikubaaqudgha.
             Succumbed to an adder's poison
             ... in a sewer.
             The game lasted 00:06:40 (2869 turns).

reriks the Shield-Bearer (Formicid Fighter)         Turns: 2869, Time: 00:06:41

Health: -1/49      AC:  7    Str: 23    XL:     6   Next: 99%
Magic:  8/9        EV:  9    Int:  7    God:    Kikubaaqudgha [**....]
Gold:   1125       SH: 10    Dex: 16    Spells: 8/9 levels left

rFire    . . .     SeeInvis +   a - +0 long sword (venom)
rCold    . . .     Faith    .   c - +0 kite shield
rNeg     . . .     Spirit   .   b - +0 scale mail
rPois    .         Reflect  .   (helmet unavailable)
rElec    .         Harm     .   (no cloak)
rCorr    .         Rampage  .   (no gloves)
Will     .....                  (no boots)
Stlth    ..........             (no amulet)
HPRegen  0.16/turn              i - +4 ring of evasion
MPRegen  0.11/turn              f - +6 ring of dexterity

@: mighty, brilliant, lethally poisoned (-1 -> -7), constricted
A: permanent stasis, dig shafts and tunnels, antennae 3, four strong arms
a: Dig, Renounce Religion, Receive Corpses


You were in a sewer.
You worshipped Kikubaaqudgha.
Kikubaaqudgha was pleased with you.
You visited 1 branch of the dungeon, and saw 3 of its levels.
You also visited: Sewer.

You collected 1125 gold pieces.

Inventory:

Hand Weapons
 a - a +0 long sword of venom (weapon)
Missiles
 o - 2 boomerangs (quivered)
Armour
 b - a +0 scale mail (worn)
 c - a +0 kite shield (worn)
Jewellery
 f - a +6 ring of dexterity (right hand)
 i - a +4 ring of evasion (left hand)
 m - a ring of resist corrosion
Scrolls
 g - a scroll of fog {unknown}
 h - 3 scrolls of teleportation
 j - 2 scrolls of magic mapping {unknown}
 k - a scroll of fear {unknown}
 n - a scroll of blinking {unknown}
Potions
 d - 2 potions of might
 e - a potion of flight
 l - a potion of degeneration {unknown}
 p - a potion of brilliance


   Skills:
 + Level 4.5 Fighting
 + Level 3.2 Long Blades
 + Level 4.4 Armour
 + Level 5.0 Shields
 + Level 2.1 Spellcasting
 + Level 2.1 Necromancy


You had 8 spell levels left.
You knew the following spells:

 Your Spells              Type           Power      Damage    Failure   Level
a - Pain                  Necr           20%        1d5       67%         1

Your spell library contained the following spells:

 Spells                   Type           Power      Damage    Failure   Level
 Sublimation of Blood     Necr           2%         N/A       80%         2
 Corpse Rot               Necr/Air       N/A        N/A       91%         2
 Vampiric Draining        Necr           2%         2d6       95%         3


Dungeon Overview and Level Annotations

Branches:
Dungeon (3/15)              Sewer (1/1)

Altars:
Kikubaaqudgha


Innate Abilities, Weirdness & Mutations

You cannot be hasted, slowed, berserked, paralysed or teleported.
You can dig through walls and to a lower floor.
You have a pair of large antennae on your head. (SInv)
Your four strong arms can wield two-handed weapons with a shield.


Message History

* * * LOW HITPOINT WARNING * * *
The adder bites you.
* * * LOW HITPOINT WARNING * * *
The ball python bites you but does no damage.
The ball python constricts you. The adder closely misses you.
You riposte.
You closely miss the adder.
Okay, then.
Okay, then.
It was a potion of curing.
You feel better.
The adder hisses angrily.
The bullfrog hits you.
* * * LOW HITPOINT WARNING * * *
You block the adder's attack. x2; The adder bites you but does no damage.
The ball python closely misses you. The ball python constricts you.
The bullfrog barely misses you.
Okay, then.
You barely miss the ball python.
The ball python is severely wounded.
You kill the bullfrog!
Kikubaaqudgha accepts your kill. You block the adder's attack.
The bullfrog hits you but does no damage.
The adder barely misses you. The adder bites you.
* * * LOW HITPOINT WARNING * * *
You are lethally poisoned!
The adder poisons you! You block the ball python's attack.
The ball python constricts you. The adder closely misses you.
You riposte.
You slash the adder!
You kill the adder!
Kikubaaqudgha accepts your kill. You block the bullfrog's attack.
The adder closely misses you. x2
The ball python bites you but does no damage.
The ball python constricts you.
Your Shields skill increases to level 5!
Your Spellcasting skill increases to level 2!
Your Necromancy skill increases to level 2!
Unknown command.
You miss the adder.
You die...
Kikubaaqudgha rasps: "You have failed me!
Welcome... death!"

#≈≈≈≈≈≈#####
#≈≈≈≈≈
#≈≈≈≈≈≈#
#≈≈≈≈≈
#≈≈≈≈≈≈#
#≈≈≈≈≈
#≈≈≈≈≈≈#
#≈≈≈≈≈
#≈≈≈≈≈≈#
#≈†††≈
#≈≈≈≈≈≈#
##†...
#≈≈≈≈≈≈#
#≈....
#≈SS≈≈≈#
#≈≈...
#≈@S≈≈≈#
#≈≈≈≈≈
#≈SF≈≈≈#
#≈≈≈≈≈
#≈#S≈≈≈#
#≈≈≈≈≈
#≈≈≈≈≈≈#
#≈≈≈≈≈
#≈≈≈≈≈≈#
#≈≈≈≈≈
#≈≈≈≈≈≈#
#≈≈≈≈≈
#≈≈≈#≈≈#
#≈≈≈≈≈ #.
≈.≈.# #....≈
#S ....#
#.....


You could see a bullfrog, 3 adders and 2 ball pythons.

Vanquished Creatures
  A bullfrog (Sewer)
  Natasha (D:3)
  10 adders
  10 river rats
  3 worms
  A dart slug (D:2)
  5 endoplasms
  4 giant cockroaches
  4 goblins
  3 hobgoblins
  4 jackals (D:3)
  4 quokkas
  16 ball pythons
  6 bats
  2 frilled lizards
  5 kobolds
  26 rats
105 creatures vanquished.

Vanquished Creatures (collateral kills)
  A rat (D:3)
1 creature vanquished.

Grand Total: 106 creatures vanquished

Notes
Turn   | Place    | Note
-------+----------+-------------------------------------------
     0 | D:1      | reriks the Formicid Fighter began the quest for the Orb.
     0 | D:1      | Reached XP level 1. HP: 18/18 MP: 1/1
    35 | D:1      | Reached XP level 2. HP: 24/24 MP: 2/2
   476 | D:1      | Reached skill level 4 in Shields
   484 | D:1      | Reached XP level 3. HP: 29/29 MP: 3/3
   684 | D:1      | Found a faded altar of an unknown god.
   707 | D:1      | Became a worshipper of Kikubaaqudgha
   707 | D:1      | Reached * piety under Kikubaaqudgha
   707 | D:1      | Identified Kikubaaqudgha's Volume of Darkness
                  | (Kikubaaqudgha gifted it to you on level 1 of the Dungeon)
   707 | D:1      | Received a gift from Kikubaaqudgha
  1212 | D:2      | Reached XP level 4. HP: 37/37 MP: 4/4
  1595 | D:2      | Reached skill level 1 in Spellcasting
  1708 | D:2      | Learned a level 1 spell: Pain
  1988 | D:3      | Reached XP level 5. HP: 40/42 MP: 6/6
  2028 | D:3      | Identified a scroll of acquirement
  2028 | D:3      | Acquired 1008 gold pieces
  2061 | D:3      | Noticed Natasha
  2066 | D:3      | Killed Natasha
  2066 | D:3      | Reached ** piety under Kikubaaqudgha
  2067 | D:3      | Reached skill level 1 in Necromancy
  2289 | D:3      | Found a glowing drain.
  2303 | Sewer    | Entered a sewer
  2344 | Sewer    | Reached XP level 6. HP: 48/48 MP: 8/8
  2866 | Sewer    | HP: 2/49 [bullfrog (7)]
  2869 | Sewer    | Reached skill level 5 in Shields
  2869 | Sewer    | Succumbed to an adder's poison

Illustrated notes

Levels and vault maps discovered:
D:1:      erik_arrival_blinker_ship, layout_basic,
          ebering_ecumenical_altar_abandoned, st_stairs_7
D:2:      wad_pebble_path, layout_basic
D:3:      layout_basic, tgw_trog, lightli_sewer_entry_pipes, uniq_natasha,
          uniq_crazy_yiuf_cottage
Sewer:    sewer_minmay_w

Skill      XL: |  1  2  3  4  5  6 |
---------------+-------------------+-----
Shields        | 4 5 |  5.0
Fighting       | 4 |  4.5
Spellcasting   | 1 2 |  2.1
Armour         | 4 |  4.4
Necromancy     | 1 2 |  2.1
Long Blades    | 3 |  3.2

Action                   |  1- 3 |  4- 6 || total
-------------------------+-------+-------++-------
Melee: Long sword        |    67 |   193 ||   260
Invok: Receive Corpses   |       |     1 ||     1
  Use: Scroll            |       |     6 ||     6
       Potion            |       |     3 ||     3
Armor: Scale mail        |    33 |    74 ||   107
Dodge: Dodged            |    30 |   152 ||   182
Block: Kite shield       |    41 |   156 ||   197
       Rpst.: Long sword |    10 |    53 ||    63

Table legend: (Time is in decaauts)
 A = Elapsed time spent in this place.
 B = Non-inter-level travel time spent in this place.
 C = Inter-level travel time spent in this place.
 D = Time resting spent in this place.
 E = Time spent auto-exploring this place.
 F = Levels seen in this place.
 G = Mean time per level.
                   A        B        C        D        E       F      G
               +--------+--------+--------+--------+--------+-----+--------+
         Total |   3061 |   3009 |     52 |    721 |   1509 |   4 |  765.2 |
       Dungeon |   2401 |   2349 |     52 |    621 |   1220 |   3 |  800.3 |
         Sewer |    660 |    660 |      0 |    100 |    289 |   1 |  660.0 |
               +--------+--------+--------+--------+--------+-----+--------+

Top non-repeatable levels by time:
     D:2: 1211 daAuts
     D:1: 818 daAuts
   Sewer: 660 daAuts
     D:3: 371 daAuts
